 Dungeon Crawl Stone Soup version 0.18.1-1-g2f07953 (webtiles) character file.

18 Ptimou the Insei (level 2, 0/21 HPs)
             Began as a Human Transmuter on May 7, 2016.
             Slain by an adder (3 damage)
             ... on level 2 of the Dungeon.
             The game lasted 00:07:42 (745 turns).

Ptimou the Insei (Human Transmuter)                  Turns: 745, Time: 00:07:43

Health: 0/21       AC:  3    Str: 10    XL:     2   Next: 85%
Magic:  0/5        EV: 12    Int: 13    God:
Gold:   95         SH:  0    Dex: 13    Spells: 2 memorised, 2 levels left

rFire  . . .     SeeInvis .     g - +0 short sword
rCold  . . .     Gourm    .     b - +1 robe
rNeg   . . .     Faith    .     (no shield)
rPois  .         Spirit   .     (no helmet)
rElec  .         Dismiss  .     (no cloak)
rCorr  .         Reflect  .     (no gloves)
SustAt .         Harm     .     (boots currently unavailable)
MR     .....                    (no amulet)
Stlth  +.........               (no ring)
                                (no ring)

@: appendage (expiring), not resistant to hostile enchantments, very unstealthy
A: talons 3
a: End Transformation


You were on level 2 of the Dungeon.
You were not hungry.
You had grown temporary talons.
You visited 1 branch of the dungeon, and saw 2 of its levels.

You collected 95 gold pieces.

Inventory:

Hand Weapons
 g - a +0 short sword (weapon)
Missiles
 a - 11 arrows
 k - 26 bolts
Armour
 b - a +1 robe (worn)
Jewellery
 j - an uncursed amulet of guardian spirit
Scrolls
 e - a scroll of teleportation
 h - a scroll of identify {unknown}
 i - a scroll of immolation {unknown}
Books
 c - a book of Changes

   Spells                             Type                      Level
   a - Beastly Appendage              Transmutation                1
   b - Sticks to Snakes               Transmutation                2
   c - Spider Form                    Transmutation/Poison         3
   d - Ice Form                       Ice/Transmutation            4
   e - Blade Hands                    Transmutation                5
Comestibles
 d - a bread ration
 f - a slice of pizza
 l - a meat ration


   Skills:
 + Level 1.0 Fighting
 + Level 2.2 Dodging
 + Level 3.3 Unarmed Combat
 + Level 2.1 Spellcasting
 + Level 2.2 Transmutations


You had 2 spell levels left.
You knew the following spells:

 Your Spells              Type           Power        Failure   Level  Hunger
a - Beastly Appendage     Trmt           #.....       12%         1    ##.....
b - Sticks to Snakes      Trmt           #.......     17%         2    ###....


Dungeon Overview and Level Annotations

Branches:
Dungeon (2/15)

Altars:


Innate Abilities, Weirdness & Mutations

You have claws for feet.


Message History

The adder bites you.
* * * LOW HITPOINT WARNING * * *
Read which item? (? for menu, Esc to quit)
Okay, then.
You remove your amulet of guardian spirit.
Your transformation is almost over.
Casting: Beastly Appendage
Confirm with . or Enter, or press ? or * to list all spells.
You don't have enough magic to cast that spell.
The adder bites you but does no damage.
You hit the adder. You claw the adder, but do no damage.
The adder is moderately wounded.
The adder barely misses you.
Unknown command.
Casting: Beastly Appendage
Confirm with . or Enter, or press ? or * to list all spells.
You create a snake!
You now have 11 arrows.
The adder bites you but does no damage. Something bites your ball python.
The adder bites you.
You die...

#......<.# #........# ####.
##### .%.#........##.....
#...# #...............#
#...# ##.###...)†...# #...#
#.....###...## #######...#
##....# #..## #.........#
#....###.########.#####...#
#..##.....#SS@.[...# #...#
###.###......S########
##..# ........)#.....###
#...# ...........##r.S.#
##.### ....##.#....##.#.#
#####..# #.. #.##...##.#.#
##.....## #. #.
##.......###..###### . ..
#..#................ ..
##.##...............


You could see 2 adders and a friendly ball python.

Vanquished Creatures
  A giant gecko (D:1)
  3 bats
  A giant cockroach (D:1)
  2 goblins
  2 hobgoblins (D:2)
  2 kobolds (D:1)
  A giant newt (D:1)
  4 rats (D:1)
16 creatures vanquished.

Notes
Turn   | Place    | Note
--------------------------------------------------------------
     0 | D:1      | Ptimou the Human Transmuter began the quest for the Orb.
     0 | D:1      | Reached XP level 1. HP: 15/15 MP: 3/3
    97 | D:1      | Reached XP level 2. HP: 20/21 MP: 3/5
   104 | D:1      | Learned a level 2 spell: Sticks to Snakes
   745 | D:2      | Slain by an adder

Action                   || total
-------------------------++-------
Melee: Unarmed           ||    26
       Kick              ||     3
       Headbutt          ||     1
       Short sword       ||    29
 Cast: Beastly Appendage ||    22
       Sticks to Snakes  ||     1
  Use: Potion            ||     3
       Scroll            ||     2
Armor: Robe              ||    13
Dodge: Dodged            ||    42
